 Dungeon Crawl Stone Soup version 0.22.0-6-g71bd7aa (webtiles) character file.

186 Sqgman the Fighter (level 5, -2/51 HPs)
             Began as a Gnoll Wanderer on Aug 15, 2018.
             Was an Initiate of Vehumet.
             Slain by an orc
             ... wielding a +0 short sword
              (3 damage)
             ... on level 3 of the Dungeon.
             The game lasted 00:14:40 (2656 turns).

Sqgman the Fighter (Gnoll Wanderer)                 Turns: 2656, Time: 00:14:41

Health: -2/51      AC:  6    Str: 14    XL:     5   Next: 66%
Magic:  7/7        EV: 12    Int: 14    God:    Vehumet [......]
Gold:   175        SH:  0    Dex: 16    Spells: 7/7 levels left

rFire    . . .     SeeInvis .   d - +0 dagger (drain)
rCold    . . .     Gourm    .   (no shield)
rNeg     + . .     Faith    .   n - +3 leather armour
rPois    .         Spirit   .   (no helmet)
rElec    .         Reflect  .   (no cloak)
rCorr    .         Harm     .   (no gloves)
MR       .....                  (no boots)
Stlth    +++.......             (no amulet)
HPRegen  0.17/turn              i - ring of positive energy
MPRegen  0.10/turn              (no ring)

@: no status effects
A: distributed training, fangs 1, strong nose
a: Renounce Religion


You were on level 3 of the Dungeon.
You worshipped Vehumet.
Vehumet was noncommittal.
You were not hungry.

You visited 1 branch of the dungeon, and saw 3 of its levels.

You collected 175 gold pieces.

Inventory:

Hand Weapons
 a - a +2 hand crossbow
 d - a +0 dagger of draining (weapon)
 e - a +0 dagger
Missiles
 b - 12 bolts
 j - 5 tomahawks (quivered)
Armour
 c - a +0 ring mail
 n - a +3 leather armour (worn)
Jewellery
 i - a ring of positive energy (left hand)
Scrolls
 g - 3 scrolls of amnesia
 m - 5 scrolls of identify
Comestibles
 f - 3 rations


   Skills:
 + Level 8.6 Fighting
 + Level 1.5 Short Blades
 + Level 1.5 Long Blades
 + Level 1.5 Axes
 + Level 3.0 Maces & Flails
 + Level 1.5 Polearms
 + Level 1.5 Staves
 + Level 1.5 Slings
 + Level 1.5 Bows
 + Level 3.0 Crossbows
 + Level 1.5 Throwing
 + Level 4.8 Armour
 + Level 1.5 Dodging
 + Level 4.4 Stealth
 + Level 1.5 Shields
 + Level 1.5 Unarmed Combat
 + Level 1.5 Spellcasting
 + Level 1.2 Conjurations
 + Level 1.2 Hexes
 + Level 1.2 Charms
 + Level 1.2 Summonings
 + Level 1.2 Necromancy
 + Level 1.2 Translocations
 + Level 1.2 Transmutations
 + Level 1.2 Fire Magic
 + Level 1.2 Ice Magic
 + Level 1.2 Air Magic
 + Level 1.2 Earth Magic
 + Level 1.2 Poison Magic
 + Level 1.7 Invocations
 + Level 1.5 Evocations


You had 7 spell levels left.
You didn't know any spells.
Your spell library was empty.

Dungeon Overview and Level Annotations

Branches:
Dungeon (3/15)

Altars:
Vehumet


Innate Abilities, Weirdness & Mutations

Your experience applies equally to all skills.
You have very sharp teeth.
Your uncanny sense of smell can sniff out nearby items.


Message History

The gnoll closely misses you.
The gnoll hits you from afar with a spear!
* * * LOW HITPOINT WARNING * * *
The gnoll hits you but does no damage. The gnoll closely misses you.
An orc comes into view. It is wielding a short sword.
An orc comes into view.
The orc shouts! x2
Found a fizzy ruby potion.
An orc comes into view. It is wielding a dagger.
The orc completely misses you.
You hit the orc.
The orc is lightly wounded.
The orc hits you with a short sword.
* * * LOW HITPOINT WARNING * * *
The gnoll hits you with a whip of electrocution.
* * * LOW HITPOINT WARNING * * *
You barely miss the orc.
The orc is lightly wounded.
The orc hits you with a short sword.
You die...

.†...###.####### ####.#
#.....#
.....+....gg.†.#.#....#
#..####
.....###.#####)#.#.####
#..# ........ #.#.#.#
#..# .#######
#.#o#.######..# .#
#g#o#.........# (#
#.#.########.## .#
#####.#o# #.# ##
#...>.#@########.# #
#.#####g##.......# #.#
#g##.####### #.# #.##.#
#.# #.##.# #.#####.##.#
#.......##.#
####.......# #.#######


You could see 2 gnolls and 3 orcs.

Vanquished Creatures
  An orc priest (D:3)
  An orc wizard (D:3)
  Jessica (D:2)
  4 adders
  A gnoll (D:3)
  8 orcs (D:3)
  2 giant cockroaches
  5 hobgoblins
  2 quokkas
  A ball python (D:1)
  9 bats
  2 frilled lizards
  8 goblins
  4 kobolds
  5 rats
54 creatures vanquished.

Notes
Turn   | Place    | Note
-------+----------+-------------------------------------------
     0 | D:1      | Sqgman the Gnoll Wanderer began the quest for the Orb.
     0 | D:1      | Sqgman set off with: a +2 hand crossbow, 22 bolts, a +0 ring mail, a scroll of teleportation, a +0 dagger, a ration
     0 | D:1      | Reached XP level 1. HP: 26/26 MP: 1/1
   256 | D:1      | Reached XP level 2. HP: 33/33 MP: 2/2
   783 | D:2      | Reached XP level 3. HP: 37/38 MP: 3/3
   792 | D:2      | Found a radiant altar of Vehumet.
   816 | D:2      | Became a worshipper of Vehumet
  1104 | D:2      | Noticed Jessica
  1115 | D:2      | Killed Jessica
  1115 | D:2      | Reached skill level 1 in Short Blades
  1115 | D:2      | Reached skill level 1 in Long Blades
  1115 | D:2      | Reached skill level 1 in Axes
  1115 | D:2      | Reached skill level 1 in Polearms
  1115 | D:2      | Reached skill level 1 in Staves
  1115 | D:2      | Reached skill level 1 in Slings
  1115 | D:2      | Reached skill level 1 in Bows
  1115 | D:2      | Reached skill level 1 in Throwing
  1115 | D:2      | Reached skill level 1 in Dodging
  1115 | D:2      | Reached skill level 1 in Shields
  1115 | D:2      | Reached skill level 1 in Unarmed Combat
  1115 | D:2      | Reached skill level 1 in Spellcasting
  1115 | D:2      | Reached skill level 1 in Invocations
  1115 | D:2      | Reached skill level 1 in Evocations
  1115 | D:2      | Reached XP level 4. HP: 44/45 MP: 3/5
  2007 | D:3      | Reached skill level 1 in Conjurations
  2007 | D:3      | Reached skill level 1 in Hexes
  2007 | D:3      | Reached skill level 1 in Charms
  2007 | D:3      | Reached skill level 1 in Summonings
  2007 | D:3      | Reached skill level 1 in Necromancy
  2007 | D:3      | Reached skill level 1 in Translocations
  2007 | D:3      | Reached skill level 1 in Transmutations
  2007 | D:3      | Reached skill level 1 in Fire Magic
  2007 | D:3      | Reached skill level 1 in Ice Magic
  2007 | D:3      | Reached skill level 1 in Air Magic
  2007 | D:3      | Reached skill level 1 in Earth Magic
  2007 | D:3      | Reached skill level 1 in Poison Magic
  2012 | D:3      | Reached XP level 5. HP: 51/51 MP: 6/6
  2626 | D:3      | HP: 2/51 [gnoll/whip of electrocution (11)]
  2655 | D:3      | HP: 1/51 [gnoll/whip of electrocution (2)]
  2656 | D:3      | Slain by an orc

Skill      XL: |  1  2  3  4  5 |
---------------+----------------+-----
Short Blades   | 1 |  1.5
Long Blades    | 1 |  1.5
Axes           | 1 |  1.5
Polearms       | 1 |  1.5
Staves         | 1 |  1.5
Slings         | 1 |  1.5
Bows           | 1 |  1.5
Throwing       | 1 |  1.5
Dodging        | 1 |  1.5
Shields        | 1 |  1.5
Unarmed Combat | 1 |  1.5
Spellcasting   | 1 |  1.5
Invocations    | 1 |  1.7
Evocations     | 1 |  1.5
Conjurations   | 1 |  1.2
Hexes          | 1 |  1.2
Charms         | 1 |  1.2
Summonings     | 1 |  1.2
Necromancy     | 1 |  1.2
Translocations | 1 |  1.2
Transmutations | 1 |  1.2
Fire Magic     | 1 |  1.2
Ice Magic      | 1 |  1.2
Air Magic      | 1 |  1.2
Earth Magic    | 1 |  1.2
Poison Magic   | 1 |  1.2
Maces & Flails | 3 |  3.0
Crossbows      | 3 |  3.0
Fighting       | |  8.6
Armour         | |  4.8
Stealth        | |  4.4

Action                   |  1- 3 |  4- 6 || total
-------------------------+-------+-------++-------
Melee: Hand crossbow     |       |    34 ||    34
       Bite              |       |    14 ||    14
       Dagger            |       |    35 ||    35
 Fire: Hand crossbow     |    50 |    49 ||    99
  Use: Scroll            |     2 |     3 ||     5
       Potion            |     4 |     3 ||     7
  Eat: Ration            |       |     2 ||     2
Armor: Ring mail         |    15 |    19 ||    34
       Leather armour    |       |     8 ||     8
Dodge: Dodged            |     8 |    39 ||    47
